Map: Lost and Found LE

Players

SpeCial

  • Race: Terran Terran
  • Spawn Location: 7:00

Reynor - Winner!

  • Race: Zerg Zerg
  • Spawn Location: 1:00

Event: WCS Montreal 2018

VOD

Have the link to the VOD?

Description

Time

  • Played on: Sept. 7, 2018, 7:03 p.m.
  • Length: 9:01

All games in this series

Show
View Real Time Build Order
Export as new Build Order

SpeCial Terran 

Build Orders: Reaper Expand, Hellion Banshee, Mech 

Get SALT Encoding   

  12  0:00  SCV  
  13  0:13  SCV  
  14  0:17  Supply Depot  
  14  0:25  SCV  
  15  0:38  SCV  
  15  0:40  Barracks  
  16  0:43  Refinery  
  16  0:50  SCV  
  17  1:02  SCV  
  18  1:15  SCV  
  19  1:28  Reaper, Orbital Command  
  20  1:39  Command Center  
  20  1:48  Supply Depot  
  20  1:53  SCV  
  21  2:00  Marine  
  22  2:04  Factory  
  22  2:07  SCV  
  23  2:16  Refinery  
  23  2:19  SCV  
  23  2:21  Barracks Reactor  
  24  2:32  SCV  
  25  2:44  SCV  
  26  2:52  Orbital Command  
  26  2:54  Starport  
  26  2:56  SCV  
  27  3:05  Hellion x2  
  31  3:08  SCV, Marine  
  33  3:19  SCV  
  34  3:20  SCV  
  34  3:26  Hellion  
  39  3:27  Hellion  
  39  3:28  Supply Depot  
  39  3:31  Starport Tech Lab  
  39  3:32  SCV  
  40  3:34  Barracks Tech Lab  
  40  3:36  SCV  
  41  3:44  SCV  
  41  3:48  SCV  
  43  3:49  Cloaking Field  
  43  3:51  Supply Depot  
  43  3:52  Banshee  
  46  3:56  SCV  
  46  3:57  Hellion x2  
  46  4:01  SCV  
  52  4:08  SCV  
  53  4:13  SCV  
  52  4:23  SCV  
  53  4:25  Command Center  
  53  4:28  SCV  
  53  4:31  Supply Depot  
  54  4:33  Marine x2  
  54  4:35  Banshee  
  54  4:37  Siege Tank  
  62  4:48  Supply Depot  
  62  4:52  SCV x2  
  64  4:57  Marine x2  
  64  4:59  Supply Depot  
  66  5:03  Refinery  
  66  5:04  SCV x2  
  66  5:05  Refinery  
  68  5:16  SCV x2, Supply Depot  
  68  5:20  Armory x2  
  70  5:28  SCV x2, Marine x2  
  70  5:32  Siege Tank  
  77  5:39  Orbital Command, Supply Depot  
  77  5:41  SCV x2  
  79  5:44  Raven  
  81  5:53  SCV x2  
  83  6:05  SCV x2  
  85  6:13  Factory  
  85  6:15  Hellion, Factory  
  85  6:16  Hellion  
  85  6:17  SCV x2, Orbital Command  
  92  6:22  Terran Vehicle Weapons Level 1  
  92  6:25  Command Center  
  91  6:29  SCV x2  
  93  6:35  Command Center  
  93  6:36  Hellion  
  93  6:37  Hellion  
  97  6:41  SCV  
  97  6:44  SCV x2  
  100  6:48  Terran Vehicle And Ship Armor Level 1  
  100  6:53  SCV  
  101  6:56  SCV x2  
  101  6:58  Hellion x2  
  106  7:04  Orbital Command  
  106  7:05  SCV  
  107  7:08  SCV  
  107  7:12  Hellion  
  110  7:19  Hellion  
  110  7:20  Hellion  
  110  7:21  SCV  
  110  7:25  Factory Tech Lab  
  110  7:27  SCV  
  110  7:29  Refinery  
  109  7:30  SCV, Refinery  
  109  7:33  SCV  
  111  7:37  Hellion x2  
  111  7:39  SCV  
  111  7:40  Hellion  
  111  7:41  Hellion  
  111  7:42  SCV  
  106  7:48  Siege Tank x2  
  106  7:49  SCV  
  101  7:52  Starport Reactor  
  101  7:56  Supply Depot x2, Factory, Orbital Command  
  101  7:57  Factory  
  100  8:02  Hellion  
  100  8:03  Hellion, SCV x3  
  107  8:20  Siege Tank  
  107  8:21  Supply Depot  
  107  8:22  Supply Depot  
  107  8:23  Hellion  
  107  8:24  Engineering Bay, Hellion  
  107  8:25  Supply Depot  
  107  8:26  Supply Depot  
  120  8:32  SCV  
  120  8:33  SCV  
  115  8:41  Factory Tech Lab, Factory Reactor  
  115  8:48  SCV x3  
  115  8:51  Missile Turret  
  115  8:52  Missile Turret  
  115  8:54  Missile Turret  
  117  8:58  Missile Turret  
Show
View Real Time Build Order
Export as new Build Order

Reynor Zerg - Winner!

Build Orders: Hatch First, Muta Ling Bane 

Get SALT Encoding   

  12  0:00  Drone  
  13  0:12  Overlord  
  13  0:17  Drone  
  14  0:31  Drone x2  
  14  0:34  Drone  
  17  0:52  Hatchery  
  17  0:55  Drone  
  17  0:58  Drone  
  18  1:09  Extractor  
  17  1:13  Spawning Pool  
  17  1:17  Drone  
  17  1:19  Drone  
  18  1:27  Drone  
  19  1:39  Overlord  
  19  1:49  Drone  
  20  2:02  Zergling x2, Queen  
  20  2:04  Zergling x2, Queen  
  26  2:11  Drone  
  26  2:12  Metabolic Boost  
  27  2:22  Drone  
  28  2:33  Hatchery  
  28  2:35  Drone  
  28  2:36  Drone  
  28  2:43  Queen  
  30  2:48  Drone  
  31  2:51  Overlord  
  31  2:54  Drone  
  31  2:57  Drone  
  33  2:59  Drone  
  33  3:03  Zergling x2  
  35  3:08  Drone  
  37  3:12  Zergling x2  
  37  3:14  Overlord  
  37  3:15  Drone x2  
  37  3:17  Drone  
  37  3:19  Drone  
  41  3:25  Queen  
  43  3:28  Overlord  
  43  3:32  Zergling x4  
  45  3:35  Zergling x2  
  45  3:38  Zergling x2  
  48  3:41  Drone  
  48  3:43  Drone  
  48  3:45  Drone x2  
  51  3:48  Queen  
  51  3:50  Drone  
  51  3:52  Drone  
  51  3:55  Zergling x2  
  56  3:57  Drone x2  
  56  3:58  Drone  
  56  4:00  Drone  
  60  4:04  Zergling x2  
  60  4:07  Overlord  
  61  4:12  Overlord  
  58  4:24  Overlord  
  58  4:26  Extractor  
  58  4:27  Zergling x6  
  58  4:28  Drone x3, Evolution Chamber  
  58  4:30  Evolution Chamber  
  61  4:32  Queen  
  61  4:34  Drone  
  64  4:38  Spore Crawler, Drone x2  
  64  4:40  Spore Crawler  
  64  4:43  Lair  
  64  4:49  Drone x2, Spore Crawler  
  65  4:53  Drone x2  
  67  5:02  Zerg Ground Armor Level 1  
  67  5:04  Drone x3  
  67  5:06  Spore Crawler  
  69  5:11  Overlord  
  69  5:13  Drone x5  
  74  5:17  Overlord  
  74  5:18  Drone  
  74  5:19  Zerg Melee Weapons Level 1  
  75  5:25  Zergling x6  
  78  5:29  Drone x3  
  78  5:31  Drone x3  
  78  5:34  Drone, Baneling Nest  
  84  5:36  Drone  
  84  5:42  Overlord  
  84  5:43  Drone x3  
  84  5:48  Extractor, Drone x2  
  88  6:01  Drone x5  
  88  6:03  Extractor, Zergling x4  
  94  6:04  Overlord  
  94  6:05  Drone  
  94  6:06  Hatchery  
  94  6:10  Extractor  
  93  6:12  Extractor  
  93  6:15  Zergling x10  
  93  6:16  Drone  
  98  6:18  Spire  
  98  6:23  Centrifical Hooks  
  97  6:27  Zergling x8  
  97  6:28  Zergling x6  
  97  6:31  Baneling  
  97  6:32  Baneling x2  
  103  6:34  Zergling x2  
  103  6:37  Overlord  
  103  6:38  Drone  
  101  6:43  Zergling x6, Roach Warren  
  100  6:49  Zergling x12  
  100  6:50  Zergling x4  
  108  6:56  Overlord  
  108  6:59  Baneling x2  
  108  7:01  Zergling x4  
  110  7:04  Overseer  
  110  7:07  Zergling x2  
  108  7:10  Baneling x7  
  108  7:12  Zergling x6  
  108  7:18  Zergling x10  
  105  7:26  Zergling x10  
  105  7:28  Queen  
  110  7:31  Overlord  
  110  7:32  Roach  
  110  7:33  Queen  
  114  7:41  Roach x2  
  108  7:45  Roach x2  
  109  7:54  Mutalisk  
  109  7:55  Mutalisk x6  
  123  7:59  Drone x3  
  123  8:00  Drone x2, Hatchery  
  127  8:06  Overlord, Roach x3  
  131  8:14  Infestation Pit  
  131  8:17  Roach x3  
  131  8:18  Roach  
  138  8:28  Roach x3  
  138  8:35  Roach x4  
  138  8:40  Roach x4  
  149  8:46  Drone x2  
  151  8:49  Drone  
Tags
 
Add a new tag
Caveats
  • Supply blocks, unpowered buildings, or Contaminate may cause inaccurate times.
  • Supply counts are checked every 10 seconds.